 Dungeon Crawl Stone Soup version 0.29-a0-43-g62a80824bf (webtiles) character file.

Game seed: 13717257761490089144

95 siradein the Insei (level 4, 0/36 HPs)
             Began as a Draconian Transmuter on Feb 3, 2022.
             Succumbed to an orc's poison
             ... on level 2 of the Dungeon.
             The game lasted 00:03:26 (1659 turns).

siradein the Insei (Draconian Transmuter)           Turns: 1659, Time: 00:03:26

Health: 0/36       AC:  5    Str: 12    XL:     4   Next: 39%
Magic:  4/7        EV: 12    Int: 14    God:
Gold:   38         SH:  3    Dex: 13    Spells: 5/8 levels left

rFire   . . .      SeeInvis .   g - +3 short sword
rCold   . . .      Faith    .   h - +0 buckler
rNeg    . . .      Spirit   .   (armour unavailable)
rPois   .          Reflect  .   (helmet currently unavailable)
rElec   .          Harm     .   (no cloak)
rCorr   .          Rampage  .   (no gloves)
Will    .....                   (boots currently unavailable)
Stlth   +.........              (no amulet)
HPRegen 0.12/turn               (no ring)
MPRegen 0.10/turn               (no ring)

@: lethally poisoned (0 -> -13), appendages (expiring), wereblooded
A: horns 2, talons 2, AC +5, unfitting armour, cold-blooded
a: End Transformation


You were on level 2 of the Dungeon.
You had temporarily grown beastly horns and talons.
You visited 1 branch of the dungeon, and saw 2 of its levels.

You collected 38 gold pieces.

Inventory:

Hand Weapons
 g - a +3 short sword (weapon)
Missiles
 f - 2 poisoned darts
 k - a throwing net
Armour
 h - a +0 buckler (worn)
Jewellery
 c - an amulet of faith
Scrolls
 a - 2 scrolls of immolation {unknown}
 b - 3 scrolls of identify {unknown}
 d - a scroll of brand weapon {unknown}
 i - a scroll of blinking {unknown}
Potions
 e - 2 potions of heal wounds {unknown}
 j - 2 potions of haste {unknown}


   Skills:
 + Level 2.2 Fighting
 + Level 2.4 Dodging
 + Level 3.5 Unarmed Combat
 + Level 2.5 Spellcasting
 + Level 2.8 Transmutations


You had 5 spell levels left.
You knew the following spells:

 Your Spells              Type           Power      Damage    Failure   Level
a - Beastly Appendage     Tmut           18%        N/A       10%         1
b - Wereblood             Tmut           9%         N/A       14%         2

Your spell library contained the following spells:

 Spells                   Type           Power      Damage    Failure   Level
 Spider Form              Tmut/Pois      5%         N/A       45%         3
 Ice Form                 Ice/Tmut       5%         N/A       86%         4


Dungeon Overview and Level Annotations

Branches:
Dungeon (2/15)

Altars:


Innate Abilities, Weirdness & Mutations

You have temporarily grown beastly horns and talons.
Your plain brown scales are hard. (AC +5)
You cannot fit into any form of body armour.
You are cold-blooded and may be slowed by cold attacks.


Message History

Something hits you but does no damage.
You hit something. Your kick misses something. You tail-slap something.
The orc hits you with a +0 hand axe.
You hit the orc. You claw the orc.
You feel a bit better.
You kill the orc!
Something hits you but does no damage. x2
You closely miss the rat. Your kick misses the rat.
You howl as the wereblood boils in your veins!
The orc priest calls down the wrath of Beogh upon you.
Beogh smites you! The rat misses you. Something hits you.
You puncture the rat!
You feel a bit better.
You kill the rat!
Something hits you but does no damage.
You puncture the orc priest!
The orc priest is heavily wounded.
Your transformation is almost over.
The orc priest barely misses you. Something hits you but does no damage.
You block the orc priest's attack.
You hit the orc priest. You claw the orc priest. You headbutt the orc priest.
The orc priest is almost dead.
Something hits you.
The orc priest mumbles some strange prayers to Beogh against you.
Pain shoots through your body!
* * * LOW HITPOINT WARNING * * *
You closely miss the orc priest. You headbutt the orc priest.
You feel a bit better.
You kill the orc priest!
Something hits you.
* * * LOW HITPOINT WARNING * * *
You have reached level 4!
You feel clever.
You barely miss the orc. Your kick misses the orc. Something hits you.
* * * LOW HITPOINT WARNING * * *
The orc hits you with a +1 short sword of venom.
* * * LOW HITPOINT WARNING * * *
You are lethally poisoned!
Something hits you but does no damage.
You puncture the orc!
You feel a bit better.
You kill the orc!
You die...

...#####.###.##..#
##.# #.# .# ...
##.#####.###.## #.
....).........#
#+#.
....####)####.#
..... ....# #.# #.#
##... ....####.#
#.# ...
.........####.###)#
..#.##..........@{#
.###..<..####.#####
#...# ..#.######
#.# #.#.#
....#########.#
#.#.#
#.#...........#
#.#.#
#........######
#.#.## ########.#
#....####### #.#
#....(...... #.#
#....#####..


There were no monsters in sight!

Vanquished Creatures
  An orc priest (D:2)
  2 adders (D:2)
  2 worms
  A dart slug (D:2)
  3 orcs (D:2)
  An endoplasm (D:2)
  A giant cockroach (D:1)
  4 goblins
  2 hobgoblins
  2 kobolds (D:1)
  5 ball pythons
  7 bats
  3 frilled lizards (D:1)
  5 rats
39 creatures vanquished.

Notes
Turn   | Place    | Note
-------+----------+-------------------------------------------
     0 | D:1      | siradein the Draconian Transmuter began the quest for the
                  | Orb.
     0 | D:1      | Reached XP level 1. HP: 16/16 MP: 3/3
   354 | D:1      | Reached XP level 2. HP: 23/23 MP: 3/5
   554 | D:1      | Learned a level 2 spell: Wereblood
  1018 | D:1      | Found a faded altar of an unknown god.
  1218 | D:2      | Reached XP level 3. HP: 29/29 MP: 4/6
  1658 | D:2      | Reached XP level 4. HP: 7/36 MP: 4/7
  1659 | D:2      | Succumbed to an orc's poison

Illustrated notes

Levels and vault maps discovered:
D:1:      dpeg_arrival_brainrot, layout_basic,
          hellmonk_ecumenical_altar_pennies_from_heaven, grunt_decor_fettered
D:2:      cheibrodos_greedy_goblins, layout_loops_ring,
          minmay_misc_feat_ornament, serial_park_tiny_pond, nrook_mini_vaults,
          st_stairs_2

Skill      XL: |  1  2  3 |
---------------+----------+-----
Dodging        | 2 |  2.4
Fighting       | 2 |  2.2
Unarmed Combat | |  3.5
Spellcasting   | |  2.5
Transmutations | |  2.8

Action                   |  1- 3 |  4- 6 || total
-------------------------+-------+-------++-------
Melee: Unarmed           |    52 |       ||    52
       Headbutt          |    14 |       ||    14
       Tailslap          |     8 |       ||     8
       Kick              |    11 |       ||    11
       Punch             |     2 |       ||     2
       Short sword       |    55 |     2 ||    57
 Cast: Beastly Appendage |    30 |       ||    30
       Wereblood         |     2 |       ||     2
Armor: Skin              |    26 |     1 ||    27
Dodge: Dodged            |    70 |       ||    70
Block: Buckler           |    12 |       ||    12

Table legend: (Time is in decaauts)
 A = Elapsed time spent in this place.
 B = Non-inter-level travel time spent in this place.
 C = Inter-level travel time spent in this place.
 D = Time resting spent in this place.
 E = Time spent auto-exploring this place.
 F = Levels seen in this place.
 G = Mean time per level.
                   A        B        C        D        E       F      G
               +--------+--------+--------+--------+--------+-----+--------+
         Total |   1664 |   1647 |     17 |      0 |   1344 |   2 |  832.0 |
       Dungeon |   1664 |   1647 |     17 |      0 |   1344 |   2 |  832.0 |
               +--------+--------+--------+--------+--------+-----+--------+

Top non-repeatable levels by time:
     D:1: 1202 daAuts
     D:2: 462 daAuts
